Match 46722603
Unlisted

Match 46722603
End
Construct Barracks
Riflemen Squad
Riflemen Squad
Construct Weapon Support Center
M1919 Machine Gun Team
Construct Medical Station
Infantry Support Center
Selects Airborne Battlegroup
Selects Pathfinders
Selects Paratrooper Squad Paradrop
Paratrooper Squad Paradrop
Paratrooper Squad Paradrop
M3 Armored Personnel Carrier
Grenade Package
Selects Anti-tank Gun Team Paradrop
Construct Tank Depot
Advanced Logistics
Anti-tank Gun Team Paradrop
Paratrooper Squad Paradrop
Survival Training
Selects Recon Loiter
Selects Paradrop Reinforcements
Improved M9 Bazooka Rockets
Engineer Squad
Anti-tank Gun Team Paradrop
Selects Carpet Bombing Run
.30 cal Machine Gun
Carpet Bombing Run
M4A1 Sherman Medium Tank
Carpet Bombing Run
Paratrooper Squad Paradrop
Bazooka Squad
M4A1 Sherman Medium Tank
Carpet Bombing Run
Anti-tank Gun Team Paradrop
Carpet Bombing Run
M4A1 Sherman Medium Tank
Paratrooper Squad Paradrop
Anti-tank Gun Team Paradrop
Carpet Bombing Run
Paratrooper Squad Paradrop
tsck46
뉴이르
CAuMOH
tompkins
0
0

Comments sign in to comment!

No comments posted yet!